 Dungeon Crawl Stone Soup version 0.19-a0-1511-g16f215b (webtiles) character file.

609 puppykicker the Conjurer (level 7, -1/55 HPs)
             Began as a Black Draconian Conjurer on Sept 11, 2016.
             Was a Follower of Okawaru.
             Slain by a giant frog (3 damage)
             ... in a sewer.
             The game lasted 00:23:26 (4474 turns).

puppykicker the Conjurer (Black Draconian Conjurer) Turns: 4474, Time: 00:23:27

Health: -1/55      AC:  6    Str: 10    XL:     7   Next: 19%
Magic:  9/10       EV: 12    Int: 18    God:    Okawaru [*.....]
Gold:   160        SH:  0    Dex: 11    Spells: 4 memorised, 0 levels left

rFire  . . .     SeeInvis .     a - +0 whip (elec)
rCold  . . .     Gourm    .     (armour unavailable)
rNeg   . . .     Faith    .     (no shield)
rPois  .         Spirit   .     (helmet restricted)
rElec  +         Dismiss  .     (no cloak)
rCorr  .         Reflect  .     (no gloves)
MR     .....     Harm     .     (no boots)
Stlth  ++........               (no amulet)
                                (no ring)
                                s - ring of flight

@: short of breath, flying, very slightly contaminated, hasted, very quick
A: breathe lightning, unfitting armour, electricity resistance, cold-blooded, AC
+6
a: Breathe Lightning, Heroism, Renounce Religion


You were in a sewer.
You worshipped Okawaru.
Okawaru was aware of your devotion.
You were hungry.

You visited 1 branch of the dungeon, and saw 4 of its levels.
You also visited: Sewer.

You collected 160 gold pieces.


Innate Abilities, Weirdness & Mutations

You can breathe wild blasts of lightning.
Your glossy black scales are hard. (AC +6)
Your body does not fit into most forms of armour.
You are resistant to electric shocks. (rElec)
You are cold-blooded and may be slowed by cold attacks.


   Skills:
 - Level 2.0 Fighting
 + Level 3.9 Maces & Flails
 - Level 1.7 Dodging
 - Level 1.7 Stealth
 - Level 2.0 Spellcasting
 * Level 7.4 Conjurations


You couldn't memorise any spells.
You knew the following spells:

 Your Spells              Type           Power        Failure   Level  Hunger
a - Magic Dart            Conj           ####         1%          1    #......
b - Searing Ray           Conj           ####..       1%          2    ###....
c - Stone Arrow           Conj/Erth      ###...       14%         3    ###....
d - Iskenderun's Mystic   Conj           ####....     12%         4    #####..

Inventory:

Hand Weapons
 a - a +0 whip of electrocution (weapon)
 b - a +1 rapier of speed
 n - a +0 hand crossbow
Missiles
 c - 44 poisoned needles
 o - 2 curare-tipped needles
Jewellery
 s - a ring of flight (left hand)
Wands
 d - a wand of iceblast (5/15)
 w - a wand of flame (13/48)
Scrolls
 e - 2 scrolls of immolation {!r}
 q - 2 scrolls of remove curse
 v - 2 scrolls of noise {!r}
Books
 h - a book of Conjurations
 k - a Fen Folio
Comestibles
 g - 3 fruits
 p - 3 bread rations
 r - a meat ration
 u - 10 chunks of flesh {@w1}

Dungeon Overview and Level Annotations

Branches:
Dungeon (4/15)
 Temple: D:4-7

Altars:
Okawaru
Qazlal
Ru
Vehumet

#≈≈.#≈≈## ##≈≈#≈.≈
#≈≈##≈≈# #≈≈###≈
#≈≈#.≈## ##≈≈≈#.
#≈.#≈.# ≈ #≈.∩#.
#≈≈#≈≈# ≈. #≈≈.#≈
#.≈#≈≈# ≈.. #≈≈##≈
#≈.#≈≈# .[S≈ #.≈#≈≈
#≈≈#†F# .?$[≈ #.≈#≈≈
#≈≈#.@## ≈..≈.≈##..#≈.
#≈.##≈.# ≈≈.≈≈.†≈≈.#≈≈
#≈≈.#≈≈##≈.≈≈≈.≈≈###≈≈
##≈≈#.≈≈##≈≈≈..###.###
#≈≈##≈.≈#######≈≈≈≈≈#
#≈.≈#≈.≈≈≈≈≈≈≈.≈..≈≈#
##.≈##≈≈≈≈≈≈≈≈≈##≈≈##
#≈.≈##≈≈≈≈≈.≈##≈≈##
#≈≈≈≈###≈..###≈≈.#


You could see a giant frog.


Message History

The giant frog hits you but does no damage.
The giant frog hits you but does no damage. x2
The giant frog hits you.
* * * LOW HITPOINT WARNING * * *
The giant frog barely misses you. The giant frog barely misses you.
The giant frog misses you. The giant frog closely misses you.
Okay, then.
The giant frog barely misses you.
You are feeling hungry.
The giant frog hits you but does no damage.
The giant frog hits you but does no damage.
The giant frog closely misses you.
You have got your breath back.
You breathe a wild blast of lightning!
The orb of electricity explodes!
The orb of electricity engulfs the giant frog.
You kill the giant frog!
Okawaru accepts your kill.
The orb of electricity engulfs the giant frog.
The giant frog is moderately wounded.
The orb of electricity engulfs you! You resist.
* * * LOW HITPOINT WARNING * * *
The orb of electricity engulfs the ball python.
You kill the ball python!
Okawaru accepts your kill.
The zap hits the giant frog.
The giant frog is severely wounded.
You feel somewhat more hungry. The giant frog hits you.
You die...

Action                   |  1- 3 |  4- 6 |  7- 9 || total
-------------------------+-------+-------+-------++-------
Melee: Unarmed           |    93 |       |       ||    93
       Tailslap          |    17 |    13 |     2 ||    32
       Whip              |    90 |   174 |    55 ||   319
 Cast: Magic Dart        |    33 |    43 |     6 ||    82
       Searing Ray       |       |     3 |       ||     3
       Stone Arrow       |       |     3 |     1 ||     4
 Abil: Breathe Lightning |       |       |     2 ||     2
  Use: Potion            |     1 |     4 |     3 ||     8
       Scroll            |     3 |     5 |       ||     8
 Stab: Sleeping          |     1 |     1 |       ||     2
  Eat: Chunk             |     4 |     2 |     1 ||     7
       Royal jelly       |     1 |       |       ||     1
       Meat ration       |       |     1 |       ||     1
Armor: Skin              |    71 |   100 |    35 ||   206
Dodge: Dodged            |   138 |   132 |    59 ||   329

Vault maps used:
D:1:      saegor_arrival_simple_b, kennysheep_another_room, hex_tiny
D:3:      grunt_temple_overflow_open, first_bread, grunt_ministairs_1
D:4:      serial_undead, serial_undead_d, serial_undead_d, serial_undead_e,
          serial_undead_b, portal_sewer_entry_e, minmay_misc_feat_more_columns,
          vehumet_altar_wand_db
Sewer:    sewer_frog_island_02

Notes
Turn   | Place    | Note
-------+----------+-------------------------------------------
     0 | D:1      | puppykicker the Draconian Conjurer began the quest for the Orb.
     0 | D:1      | Reached XP level 1. HP: 14/14 MP: 3/3
   405 | D:1      | Reached XP level 2. HP: 22/22 MP: 1/5
   438 | D:1      | Reached skill level 1 in Fighting
   851 | D:1      | Reached XP level 3. HP: 23/28 MP: 6/6
  1294 | D:2      | Learned a level 2 spell: Searing Ray
  1298 | D:2      | Learned a level 3 spell: Stone Arrow
  1482 | D:2      | Reached skill level 2 in Fighting
  2006 | D:3      | Reached skill level 5 in Conjurations
  2356 | D:3      | Reached XP level 4. HP: 33/36 MP: 7/7
  2551 | D:3      | Noticed an orc warrior
  2646 | D:3      | Reached skill level 1 in Maces & Flails
  2659 | D:3      | Killed an orc warrior
  2659 | D:3      | Reached skill level 2 in Maces & Flails
  2659 | D:3      | Reached XP level 5. HP: 31/41 MP: 1/8
  2908 | D:3      | Found a sacrificial altar of Ru.
  2911 | D:3      | Found an iron altar of Okawaru.
  2912 | D:3      | Found a stormy altar of Qazlal.
  2939 | D:3      | Became a worshipper of Warmaster Okawaru
  3322 | D:4      | Noticed an ogre
  3326 | D:4      | Killed an ogre
  3326 | D:4      | Reached skill level 6 in Conjurations
  3326 | D:4      | Reached XP level 6. HP: 47/48 MP: 0/9
  3417 | D:4      | Found a radiant altar of Vehumet.
  3650 | D:4      | Reached * piety under Okawaru
  3672 | D:4      | Reached skill level 3 in Maces & Flails
  3678 | D:4      | Reached skill level 7 in Conjurations
  3757 | D:4      | Found a glowing drain.
  3766 | Sewer    | Entered a sewer
  4234 | Sewer    | Your scales start taking on a glossy black colour.
  4234 | Sewer    | Reached XP level 7. HP: 55/55 MP: 10/10
  4234 | Sewer    | Gained mutation: You are resistant to electric shocks. (rElec) [Black Draconian growth]
  4244 | Sewer    | Learned a level 4 spell: Iskenderun's Mystic Blast
  4474 | Sewer    | HP: 2/55 [shot self (9)]
  4474 | Sewer    | Slain by a giant frog

Vanquished Creatures
  An orc warrior (D:3)
  An ogre (D:4)
  A giant frog (Sewer)
  A howler monkey (D:4)
  A hound (D:4)
  An iguana (D:4)
  A worker ant (D:4)
  4 adders
  10 oozes (Sewer)
  2 adder zombies (D:4)
  An adder skeleton (D:4)
  4 worms
  2 dart slugs
  9 giant geckos
  5 orcs (D:3)
  4 bats
  20 giant cockroaches
  11 goblins
  9 hobgoblins
  13 jackals
  6 kobolds
  10 ball pythons
  2 giant cockroach zombies (D:4)
  14 giant newts
  A jackal zombie (D:4)
  9 rats
143 creatures vanquished.
